 Dungeon Crawl Stone Soup version 0.19.0-20-gbc5f0c6 (webtiles) character file.

1817 tv1990 the Conjurer (level 9, 0/65 HPs)
             Began as a Formicid Conjurer on Nov 17, 2016.
             Was a Believer of Sif Muna.
             Slain by Prince Ribbit (16 damage)
             ... on level 5 of the Dungeon.
             The game lasted 00:22:18 (5678 turns).

tv1990 the Conjurer (Formicid Conjurer)             Turns: 5678, Time: 00:22:18

Health: 0/65       AC:  2    Str:  7    XL:     9   Next: 32%
Magic:  3/17       EV: 12    Int: 19    God:    Sif Muna [**....]
Gold:   229        SH:  0    Dex: 14    Spells: 3 memorised, 12 levels left

rFire  . . .     SeeInvis +     t - +2 whip (elec)
rCold  . . .     Gourm    .     q - +0 robe "Nuaclikk" {rPois Str-5 Dex+3}
rNeg   . . .     Faith    .     (no shield)
rPois  +         Spirit   .     (helmet unavailable)
rElec  .         Reflect  .     (no cloak)
rCorr  +         Harm     .     (no gloves)
MR     .....                    (no boots)
Stlth  ++........               g - amulet of regeneration
                                (no ring)
                                s - ring of resist corrosion

@: no status effects
A: permanent stasis, dig shafts and tunnels, four strong arms, antennae 3
a: Dig, Shaft Self, Divine Energy, Renounce Religion


You were on level 5 of the Dungeon.
You worshipped Sif Muna.
Sif Muna was pleased with you.
You were not hungry.

You visited 1 branch of the dungeon, and saw 5 of its levels.

You collected 229 gold pieces.

Inventory:

Hand Weapons
 e - a +0 mace
 o - a +0 dagger of protection
 t - a +2 whip of electrocution (weapon)
 y - a +2 whip of electrocution
 C - a +1 rapier of protection
Armour
 a - a +1 robe
 q - the +0 robe "Nuaclikk" (worn) {rPois Str-5 Dex+3}
   (You found it on level 4 of the Dungeon)

   It affects your strength (-5).
   It affects your dexterity (+3).
   It protects you from poison.
Jewellery
 g - an amulet of regeneration (around neck)
 s - a ring of resist corrosion (left hand)
Scrolls
 f - a scroll of noise
 h - 2 scrolls of remove curse
 l - a scroll of blinking
 m - a scroll of teleportation
 u - 2 scrolls of fear
 w - a scroll of amnesia
 x - a scroll of fog
 B - 2 scrolls of immolation
 E - 2 scrolls of random uselessness {unknown}
Potions
 d - a potion of degeneration
 i - 3 potions of curing {unknown}
 k - 3 potions of lignification {unknown}
 r - a potion of ambrosia {unknown}
 z - a potion of resistance {unknown}
 A - 2 potions of flight {unknown}
Books
 b - a book of Conjurations

   Spells                             Type                      Level
   a - Magic Dart                     Conjuration                  1
   b - Searing Ray                    Conjuration                  2
   c - Dazzling Spray                 Conjuration/Hexes            3
   d - Fulminant Prism                Conjuration/Hexes            4
   e - Iskenderun's Mystic Blast      Conjuration                  4
   f - Iskenderun's Battlesphere      Conjuration/Charms           5
Comestibles
 c - 4 bread rations
 n - 2 meat rations
 p - 2 slices of pizza
 v - a royal jelly
 D - 8 chunks of flesh


   Skills:
 - Level 3.8 Fighting
 - Level 1.7 Dodging
 - Level 2.4 Stealth
 + Level 5.9 Spellcasting
 * Level 7.2 Conjurations
 + Level 4.2 Hexes
 + Level 5.9 Invocations


You had 12 spell levels left.
You knew the following spells:

 Your Spells              Type           Power        Failure   Level  Hunger
a - Magic Dart            Conj           ####         1%          1    None
b - Searing Ray           Conj           ####..       1%          2    None
c - Fulminant Prism       Conj/Hex       ####......   12%         4    ####...


Dungeon Overview and Level Annotations

Branches:
Dungeon (5/15)
 Temple: D:4-7

Altars:
Cheibriados
Gozag
Nemelex Xobeh
Sif Muna
Uskayaw
Xom
Yredelemnul

Annotations:
D:5 Prince Ribbit


Innate Abilities, Weirdness & Mutations

You are under a permanent stasis effect.
You can dig through walls and to a lower floor.
Your four strong arms can wield two-handed weapons with a shield.
You have a pair of large antennae on your head. (SInv)


Message History

Your fulminant prism crackles loudly.
Prince Ribbit hits you but does no damage.
Your fulminant prism explodes!
Prince Ribbit hits you.
* * * LOW HITPOINT WARNING * * *
Unknown command.
Casting: Fulminant Prism
Confirm with . or Enter, or press ? or * to list all spells.
Aiming: Searing Ray
Press: ? - help, Shift-Dir - straight line, f - Prince Ribbit
Aim: Prince Ribbit (moderately wounded)
The searing ray hits Prince Ribbit.
Prince Ribbit is heavily wounded.
Prince Ribbit hits you!
* * * LOW HITPOINT WARNING * * *
The searing ray hits Prince Ribbit.
Prince Ribbit is heavily wounded.
Prince Ribbit catches a butterfly with his tongue.
Prince Ribbit hits you!
You die...

###..#.##.# #...# #
#.......########...###
#
##.#.##.....##....?..#
#
#.#.##....[##.......#
# #..........##)......
# ###.##.....##.))..#
#.##.....##.))..#
#.#########...).#
####.#### #@F...#
#.......# ####.###
#.##.##.# ###.##.# #
#.##.###......#
#......#......#
####.#........## #
#.#.........# #
..##.......## #
######(.....#


You could see Prince Ribbit.

Vanquished Creatures
  Pikel (D:5)
  Edmund (D:5)
  Duvessa (D:5)
  A centaur (D:3)
  An ogre (D:4)
  Dowan (D:5)
  A scorpion (D:4)
  4 wights (D:5)
  3 howler monkeys
  2 crimson imps (D:5)
  3 orc priests
  3 hounds
  5 orc wizards
  A worker ant (D:4)
  6 adders
  2 oozes (D:3)
  An adder skeleton (D:4)
  5 worms
  A dart slug (D:3)
  The ghost of dscm the Insei, a weakling OpTm (D:4)
  4 leopard geckos
  27 orcs
  8 bats
  3 giant cockroaches
  2 goblins
  8 hobgoblins
  3 jackals (D:4)
  3 quokkas
  2 frilled lizards (D:1)
  5 kobolds
  10 rats
119 creatures vanquished.

Vanquished Creatures (others)
  2 slaves (D:5)
  A shadow imp (D:5)
  2 orcs (D:5)
  3 fulminant prisms (D:5)
8 creatures vanquished.

Grand Total: 127 creatures vanquished

Notes
Turn   | Place    | Note
-------+----------+-------------------------------------------
     0 | D:1      | tv1990 the Formicid Conjurer began the quest for the Orb.
     0 | D:1      | Reached XP level 1. HP: 13/13 MP: 3/3
   133 | D:1      | Reached XP level 2. HP: 20/20 MP: 1/5
   160 | D:1      | Learned a level 2 spell: Searing Ray
   403 | D:1      | Reached skill level 1 in Fighting
   763 | D:1      | Reached XP level 3. HP: 26/26 MP: 4/7
   909 | D:2      | Reached skill level 4 in Conjurations
  1313 | D:2      | Found a deep blue altar of Sif Muna.
  1313 | D:2      | Found a basalt altar of Yredelemnul.
  1317 | D:2      | Found a hide-covered altar of Uskayaw.
  1367 | D:2      | Became a worshipper of Sif Muna the Loreminder
  1466 | D:2      | You fall through a shaft!
  1488 | D:3      | Reached XP level 4. HP: 17/33 MP: 0/8
  1558 | D:3      | Reached skill level 1 in Invocations
  2196 | D:3      | Found an opulent altar of Gozag.
  2196 | D:3      | Noticed a centaur
  2202 | D:3      | Killed a centaur
  2202 | D:3      | Reached XP level 5. HP: 38/39 MP: 4/10
  2395 | D:3      | Reached XP level 6. HP: 41/46 MP: 7/11
  2500 | D:3      | Found a snail-covered altar of Cheibriados.
  3019 | D:4      | Noticed an ogre
  3132 | D:4      | Reached * piety under Sif Muna
  3474 | D:4      | Noticed dscm's ghost (weakling OpTm)
  3481 | D:4      | Killed dscm's ghost
  3530 | D:4      | Found a shimmering altar of Xom.
  3573 | D:4      | Killed an ogre
  3573 | D:4      | Reached skill level 5 in Conjurations
  3573 | D:4      | Reached XP level 7. HP: 8/52 MP: 3/13
  3707 | D:4      | Got a transparent robe
  3718 | D:4      | Identified the +0 robe "Nuaclikk" {rPois Str-5 Dex+3} (You found it on level 4 of the Dungeon)
  3899 | D:4      | Found a sparkling altar of Nemelex Xobeh.
  4036 | D:4      | Found a deep blue altar of Sif Muna.
  4308 | D:5      | Entered Level 5 of the Dungeon
  4431 | D:5      | Learned a level 4 spell: Fulminant Prism
  4471 | D:5      | Noticed Pikel
  4619 | D:4      | Reached skill level 1 in Hexes
  4619 | D:4      | Reached XP level 8. HP: 41/60 MP: 8/15
  4783 | D:5      | Killed Pikel
  4783 | D:5      | Reached ** piety under Sif Muna
  4783 | D:5      | Reached skill level 5 in Spellcasting
  4783 | D:5      | Reached skill level 6 in Conjurations
  4783 | D:5      | Reached skill level 5 in Invocations
  4894 | D:5      | Noticed Duvessa
  4920 | D:5      | Killed Duvessa
  4973 | D:5      | Noticed Dowan
  4985 | D:5      | Killed Dowan
  4985 | D:5      | Reached XP level 9. HP: 42/65 MP: 7/17
  5276 | D:5      | Noticed Edmund
  5285 | D:5      | Killed Edmund
  5285 | D:5      | Reached skill level 7 in Conjurations
  5657 | D:5      | Noticed Prince Ribbit
  5678 | D:5      | Slain by Prince Ribbit

Skill      XL: |  1  2  3  4  5  6  7  8  9 |
---------------+----------------------------+-----
Fighting       | 1 2 3 |  3.8
Conjurations   | 4 5 6 7 |  7.2
Invocations    | 2 3 4 5 |  5.9
Spellcasting   | 3 4 5 |  5.9
Hexes          | 1 3 4 |  4.2
Dodging        | |  1.7
Stealth        | |  2.4

Action                   |  1- 3 |  4- 6 |  7- 9 || total
-------------------------+-------+-------+-------++-------
Melee: Unarmed           |    13 |       |       ||    13
       Mace              |    12 |     2 |       ||    14
       Dagger            |       |     8 |       ||     8
       Whip              |       |    27 |    35 ||    62
 Cast: Magic Dart        |    53 |    69 |    75 ||   197
       Searing Ray       |     4 |    12 |    21 ||    37
       Fulminant Prism   |       |       |     3 ||     3
Invok: Divine Energy     |       |       |     1 ||     1
       Stop Divine Energ |       |       |     1 ||     1
 Abil: Dig               |       |       |     2 ||     2
  Use: Scroll            |       |     9 |     2 ||    11
       Potion            |       |       |     1 ||     1
 Stab: Sleeping          |       |     1 |       ||     1
  Eat: Chunk             |     3 |     7 |     7 ||    17
Armor: Robe              |     6 |    15 |     4 ||    25
Dodge: Dodged            |    22 |    28 |    28 ||    78

Vault maps used:
D:1:      dpeg_arrival_tiny_g, serial_park_tiny_pond, minmay_misc_feat_iff
D:2:      minitemple, first_bread
D:3:      nicolae_gozag_cash_rules_everything_around_me, cheibriados_altar_1
D:4:      kennysheep_mini, xom_teletrap_fun, led_sif_pool
D:5:      uniq_edmund, uniq_duvessa, uniq_prince_ribbit1, uniq_pikel
